 Dungeon Crawl Stone Soup version 0.31-a0-277-g31ea1f65cc (webtiles) character file.

Game seed: 9533647188640740850

2520186 Shard1697 the Thanatomancer (level 27, 156/156 HPs)
             Began as a White Draconian Cinder Acolyte on July 15, 2023.
             Was a High Priest of Ignis.
             Escaped with the Orb
             ... and 4 runes!
             The game lasted 03:21:55 (62160 turns).

Shard1697 the Thanatomancer (DrCA)                 Turns: 62160, Time: 03:21:55

Health: 156/156    AC: 24    Str: 17    XL:     27
Magic:  46/46      EV: 23    Int: 20    God:    Ignis [*****.]
Gold:   4110       SH: 22    Dex: 15    Spells: 2/46 levels left

rFire   + + +        a - +10 morningstar "Eos" {elec, Halo rElec}
rCold   + + +        W - +2 shield of Resistance {rF++ rC++ Will++}
rNeg    + + .        (body armour unavailable)
rPois   +            H - +2 hat {Stlth+}
rElec   +            V - +1 cloak of Starlight {*Dazzle EV+4 Stlth--}
rCorr   .            (no gloves)
SInv    .            X - +2 pair of boots of Greed {Rampage rN++ Regen+}
Will    ++++.        S - amulet of Lies {Reflect MP+9 SH+5}
Stlth   +            c - +4 ring of protection
HPRegen 1.26/turn    q - ring of poison resistance
MPRegen 0.30/turn

%: reflection, clarity, rampage
@: glowing, studying Ranged Weapons
A: breathe frost, AC +13, unfitting armour, cold resistance 1, cold-blooded,
clarity, mutation resistance 1, subdued magic 1
0: Orb of Zot
}: 4/15 runes: decaying, silver, abyssal, gossamer
a: Breathe Frost, Renounce Religion, Fiery Armour, Foxfire Swarm


You escaped.
You worshipped Ignis.
Ignis was extremely pleased with you.
You visited 11 branches of the dungeon, and saw 53 of its levels.
You visited the Abyss 1 time.
You visited 2 bazaars.
You also visited: Gauntlet, Ice Cave, Volcano and Wizlab.

You collected 9322 gold pieces.
You spent 5212 gold pieces at shops.

Inventory:

Hand Weapons
 a - the +10 morningstar "Eos" (weapon) {elec, Halo rElec}
   (You acquired it on level 4 of the Lair of Beasts)

   Halo:      It grants its wielder a halo, revealing invisible creatures and
   increasing accuracy against all within it other than the wielder.
   rElec:     It insulates you from electricity.
 b - a +9 broad axe of electrocution
Armour
 H - a +2 hat of stealth (worn)
 M - the +10 tower shield of Ignorance {rN+ Int-4}
   (You found it on level 2 of the Orcish Mines)

   Int:       It affects your intelligence (-4).
   rN:        It protects you from negative energy.
 Q - a +2 cloak of willpower
 V - the +1 cloak of Starlight (worn) {*Dazzle EV+4 Stlth--}
   (You acquired it on level 3 of the Spider Nest)

   *Dazzle:   It may blind those who miss an attack against the wearer in melee
   combat.
   EV:        It affects your evasion (+4).
   Stlth:     It makes you much less stealthy.
 W - the +2 shield of Resistance (worn) {rF++ rC++ Will++}
   (You bought it in a shop in a bazaar)

   rF:        It greatly protects you from fire.
   rC:        It greatly protects you from cold.
   Will:      It greatly increases your willpower.
 X - the +2 pair of boots of Greed (worn) {Rampage rN++ Regen+}
   (You found it on level 4 of the Spider Nest)

   rN:        It greatly protects you from negative energy.
   Regen:     It increases your rate of health regeneration.
   Rampage:   It bestows one free step when moving towards enemies.
Jewellery
 c - a +4 ring of protection (left hand)
 m - the amulet "Okhlug" {Faith rPois}
   (You found it on level 4 of the Realm of Zot)

   [amulet of faith]

   It allows you to gain divine favour quickly.
   rPois:     It protects you from poison.
 q - a ring of poison resistance (right hand)
 w - an amulet of regeneration
 C - the amulet of Hiobb {Faith -Tele Will+ Str+3}
   (You took it off an ironbound preserver on level 5 of the Vaults)

   [amulet of faith]

   It allows you to gain divine favour quickly.
   Str:       It affects your strength (+3).
   -Tele:     It prevents most forms of teleportation.
   Will:      It increases your willpower.
 D - the ring "Yqoki" {rN+ Will+ Dex-4 Slay+4}
   (You found it in an ice cave)

   [ring of slaying]

   Dex:       It affects your dexterity (-4).
   Slay:      It affects your accuracy & damage with ranged weapons and melee
   (+4).
   rN:        It protects you from negative energy.
   Will:      It increases your willpower.
 F - the ring of Biomial {Str+3 Int+6 Stlth+}
   (You took it off a deep elf sorcerer on level 3 of the Elven Halls)

   [ring of intelligence]

   Str:       It affects your strength (+3).
   Int:       It affects your intelligence (+6).
   Stlth:     It makes you more stealthy.
 G - a +4 ring of protection
 S - the amulet of Lies (around neck) {Reflect MP+9 SH+5}
   (You found it in an ice cave)

   [amulet of reflection]

   It reflects blocked missile attacks.
   MP:        It affects your magic capacity (+9).
   SH:        It affects your SH (+5).
Wands
 f - a wand of iceblast (72)
 o - a wand of digging (17)
 x - a wand of mindburst (41)
 N - a wand of acid (36)
Scrolls
 g - 11 scrolls of enchant weapon
 h - 6 scrolls of poison
 n - 2 scrolls of fog
 p - 16 scrolls of teleportation
 s - 9 scrolls of amnesia
 t - a scroll of butterflies
 y - 5 scrolls of silence
 I - 33 scrolls of identify
 O - 9 scrolls of enchant armour
 R - 4 scrolls of fear
 Y - a scroll of revelation
 Z - 4 scrolls of brand weapon
Potions
 e - 6 potions of curing
 i - 7 potions of mutation
 k - 3 potions of enlightenment
 l - 11 potions of brilliance
 r - 3 potions of magic
 v - 2 potions of resistance
 A - 3 potions of invisibility
 J - a potion of cancellation
 L - 8 potions of lignification
 T - 8 potions of ambrosia
Miscellaneous
 j - a lightning rod (4/4)
 z - a box of beasts
 K - a phantom mirror


   Skills:
 - Level 22.7 Fighting
 + Level 18.0 Maces & Flails
 - Level 13.9 Dodging
 - Level 7.3 Stealth
 + Level 19.0 Shields
 - Level 10.2 Spellcasting
 - Level 8.9 Conjurations
 - Level 15.7 Summonings
 + Level 24.3 Necromancy
 - Level 1.8 Translocations
 - Level 3.7 Fire Magic
 - Level 16.5 Ice Magic
 - Level 8.7 Air Magic


You had 2 spell levels left.
You knew the following spells:

 Your Spells              Type           Power      Damage    Failure   Level
a - Dispel Undead         Necr           70%        3d24      0%          4
b - Borgnjor's Revivific  Necr           35%        N/A       1%          8
c - Vampiric Draining     Necr           70%        2d11      0%          3
d - Freezing Cloud        Conj/Ice/Air   21%        6-21      1%          5
e - Sublimation of Blood  Necr           70%        N/A       0%          2
f - Ozocubu's Armour      Ice            55%        N/A       0%          3
g - Simulacrum            Ice/Necr       31%        N/A       1%          6
h - Haunt                 Necr/Summ      31%        N/A       1%          7
i - Blink                 Tloc           26%        N/A       5%          2
t - Animate Dead          Necr           70%        N/A       0%          4

Your spell library contained the following spells:

 Spells                   Type           Power      Damage    Failure   Level
 Freeze                   Ice            100%       1d10      0%          1
 Kiss of Death            Conj/Necr      100%       2d13      0%          1
 Necrotise                Necr           100%       1d9       0%          1
 Call Imp                 Summ           100%       N/A       0%          2
 Foxfire                  Conj/Fire      100%       2x1d9     1%          1
 Magic Dart               Conj           100%       1d8       1%          1
 Shock                    Conj/Air       100%       1d9       1%          1
 Cigotuvi's Dreadful Rot  Necr/Pois/Air  82%        N/A       1%          2
 Ensorcelled Hibernation  Hex/Ice        66%        N/A       1%          2
 Momentum Strike          Conj/Tloc      48%        3d9       1%          2
 Poisonous Vapours        Pois/Air       42%        N/A       1%          2
 Scorch                   Fire           38%        2d6       2%          2
 Apportation              Tloc           26%        N/A       3%          1
 Lesser Beckoning         Tloc           26%        N/A       5%          2
 Sandblast                Erth           14%        2d6       8%          1
 Slow                     Hex            28%        N/A       8%          1
 Sting                    Tmut/Pois      28%        1d4       8%          1
 Passwall                 Tmut/Erth      5%         N/A       12%         2
 Wereblood                Tmut           7%         N/A       12%         2
 Frozen Ramparts          Ice            100%       1d16      0%          3
 Agony                    Necr           70%        N/A       0%          5
 Hailstorm                Conj/Ice       46%        3d11      1%          3
 Mephitic Cloud           Conj/Pois/Air  26%        N/A       1%          3
 Summon Guardian Golem    Hex/Summ       32%        N/A       1%          3
 Swiftness                Air            34%        N/A       1%          3
 Airstrike                Air            17%        2d(3-19)  1%          4
 Anguish                  Hex/Necr       22%        N/A       1%          4
 Summon Ice Beast         Ice/Summ       55%        N/A       1%          4
 Summon Lightning Spire   Summ/Air       45%        N/A       1%          4
 Borgnjor's Vile Clutch   Necr/Erth      22%        N/A       1%          5
 Death Channel            Necr           35%        N/A       1%          6
 Summon Cactus Giant      Summ           27%        N/A       1%          6
 Infestation              Necr           35%        N/A       1%          8
 Vhi's Electric Charge    Tloc/Air       48%        N/A       2%          3
 Dazzling Flash           Conj/Hex       42%        N/A       3%          3
 Stone Arrow              Conj/Erth      42%        3d9       3%          3
 Flame Wave               Conj/Fire      27%        2d9       5%          4
 Sticky Flame             Conj/Fire      27%        2d5       5%          4
 Arcjolt                  Conj/Air       17%        1d27      5%          5
 Iskenderun's Battlesphe  Conj           35%        2d9       5%          5
 Summon Forest            Summ/Tloc      17%        N/A       5%          5
 Metabolic Englaciation   Hex/Ice        16%        N/A       7%          5
 Ozocubu's Refrigeration  Ice            27%        4d13      8%          7
 Iskenderun's Mystic Bla  Conj/Tloc      24%        2d7       9%          4
 Summon Mana Viper        Hex/Summ       32%        N/A       9%          5
 Gell's Gravitas          Tloc           13%        N/A       11%         3
 Inner Flame              Hex/Fire       13%        N/A       11%         3
 Teleport Other           Tloc           13%        N/A       11%         3
 Monstrous Menagerie      Summ           27%        N/A       11%         7
 Summon Hydra             Summ           27%        N/A       11%         7
 Ignite Poison            Fire/Tmut/Pois 11%        N/A       14%         3
 Portal Projectile        Hex/Tloc       20%        N/A       16%         3
 Confusing Touch          Hex            7%         N/A       24%         3
 Tukima's Dance           Hex            7%         N/A       24%         3
 Conjure Ball Lightning   Conj/Air       17%        3x3d6     32%         6
 Irradiate                Conj/Tmut      10%        3d15      34%         5
 Passage of Golubria      Tloc           13%        N/A       36%         4
 Silence                  Hex/Air        10%        N/A       36%         5
 Death's Door             Necr           35%        N/A       36%         9
 Spellforged Servitor     Conj/Summ      22%        N/A       41%         7
 Cause Fear               Hex            3%         N/A       63%         4
 Leda's Liquefaction      Hex/Erth       3%         N/A       63%         4
 Olgreb's Toxic Radiance  Pois           7%         N/A       63%         4
 Petrify                  Tmut/Erth      7%         N/A       63%         4
 Summon Horrible Things   Summ           27%        N/A       65%         8
 Malign Gateway           Summ/Tloc      17%        N/A       89%         7
 Orb of Destruction       Conj           17%        9d7       89%         7
 Leda's Unmaking          Conj/Erth      10%        9d3       91%         6
 Alistair's Intoxication  Tmut/Pois      4%         N/A       94%         5
 Lee's Rapid Deconstruct  Erth           3%         3d5*      94%         5
 Yara's Violent Unravell  Hex/Tmut       3%         3d4       94%         5
 Eringya's Noxious Bog    Tmut/Pois      3%         4d6       100%        6
 Enfeeble                 Hex            3%         N/A       100%        7
 Discord                  Hex            3%         N/A       100%        8
 Disjunction              Tloc           6%         N/A       100%        8
 Ignition                 Fire           9%         3d5       100%        8
 Lehudib's Crystal Spear  Conj/Erth      10%        10d4      100%        8
 Maxwell's Capacitive Co  Air            17%        ∞         100%        8
 Chain Lightning          Conj/Air       17%        3d23      100%        9
 Fire Storm               Conj/Fire      13%        8d4       100%        9
 Polar Vortex             Ice            27%        12d3*     100%        9
 Shatter                  Erth           3%         3d7*      100%        9
 Animate Armour           Summ/Erth      Unusable   N/A       N/A         4

Dungeon Overview and Level Annotations

Branches:
Dungeon (15/15)            Temple (0/1) D:6            Lair (5/5) D:8
  Swamp (4/4) Lair:3       Spider (4/4) Lair:3        Slime (0/5) Lair:5
    Orc (2/2) D:12            Elf (3/3) Orc:2        Vaults (5/5) D:14
  Crypt (3/3) Vaults:2       Tomb (3/3) Crypt:3      Depths (4/4) D:15
    Zot (5/5) Depths:4      IceCv (visited)         Volcano (visited)
 WizLab (visited)         Gauntlet (visited)

Altars:
Dithmenos
Fedhas
Kikubaaqudgha
Makhleb
Nemelex Xobeh
Okawaru
Qazlal
Ru
Uskayaw
Vehumet
The Shining One

Shops:
D:8 =   D:10 :   D:14 *   Orc:2 **!*   Elf:1 ?   Vaults:2 *   Vaults:3 *
Depths:4 !*

Portals:
Hell: Depths:1 Depths:2 Depths:3 Depths:4
Abyss: Depths:2 Depths:3
Pandemonium: Depths:2
Ziggurat: Depths:2
Trove: D:15 (give +4 fire dragon scales)

Annotations:
D:3 Robin
Lair:1 2 transporters
Depths:2 exclusion: 2 orange crystal statues
Depths:3 1 runed translucent door
Zot:1 Parghit


Innate Abilities, Weirdness & Mutations

You can breathe waves of freezing cold which knock back foes.
Your icy white scales are hard. (AC +13)
You cannot fit into any form of body armour.
Your flesh is cold resistant. (rC+)
You are cold-blooded and may be slowed by cold attacks.
You possess an exceptional clarity of mind.
You are somewhat resistant to further mutation.
Your spells are a little easier to cast, but a little less powerful.


Message History

There is a stone staircase leading down here.
Things that are here:
a +0 robe; a +0 dagger; an orc skeleton A shadow demon comes into view.
Casting: Simulacrum (mildly dangerous; 1% risk of failure)
Confirm with . or Enter, or press ? or * to list all spells.
Aiming: Haunt (dangerous; 1% risk of failure)
Press: ? - help, Dir - move target, f - shadow demon
Aim: a shadow demon Insubstantial figures form in the air.
Your freezing wraith barely misses the shadow demon. x2
You rampage towards the shadow demon!
You hit the shadow demon but do no damage.
You barely miss the shadow demon. The shadow demon hits you.
Your freezing wraith hits the shadow demon!
Your freezing wraith freezes the shadow demon.
The shadow demon resists.
Your freezing wraith hits the shadow demon but does no damage.
Your wraith hits the shadow demon! You bludgeon the shadow demon!!
You tail-slap the shadow demon, but do no damage.
The shadow demon is almost dead.
The shadow demon gestures.
Your freezing wraith hits the shadow demon!
The shadow demon dies!
The worm dissolves into shadows!
Your wraith disappears in a puff of smoke!
Your freezing wraith disappears in a puff of smoke!
Your wraith disappears in a puff of smoke!
Your wraith disappears in a puff of smoke!
An Orb Guardian comes into view.
Your freezing wraith disappears in a puff of smoke!
There is an escape hatch in the ceiling here.
A mysterious force pulls you upwards. The hatch slams shut behind you.
Magic restored.
There is a stone staircase leading up here.
You climb upwards.
There is a stone staircase leading down here.
There is a staircase leading out of the dungeon here.
You have escaped!

..#####.........#..##......## .##
####...#...#...#.....### ..#
#######.########......#### #.#
#..# ##.# #.#.#...... #.## #..#
#.## #.#........ #..# #..#
##.#######.#######.. ##.# #..#
#.###.#.#....## ### #.#####..#
##.#.#.#.#.#..######
#......>.######@######.##......>
#........#.#.#.#.## #.#########
##.........#.#.###.# #.#
##........#######.## #.#
..........# ##.# #.# #.........#
#.## ### ..........########.# ###
##.............# #.# #######..
...####._......###.######.......#


There were no monsters in sight!

Vanquished Creatures
  6 dread liches
  Khufu (Crypt:1)
  4 orbs of fire (Zot:5)
  2 ancient liches (Zot:5)
  Mara (Vaults:5)
  7 royal mummies
  Sojobo (Crypt:2)
  The ghost of Zogul the Impregnable, a veteran MiGl of Hepliaklqana (Crypt:2)
  A Killer Klown (Zot:5)
  Saint Roka (Vaults:5)
  A curse toe (Zot:4)
  A caustic shrike (Depths:3)
  6 golden dragons
  The ghost of Zievuyg the Executioner, an adept MiFi of the Shining One (Crypt:2)
  Arachne (Spider:3)
  Jory (Vaults:2)
  The ghost of Gacleu the Warrior, an adept GrFi of Cheibriados (Crypt:2)
  2 shard shrike zombies (Crypt:3)
  An electric golem (Zot:5)
  7 tentacled monstrosities
  Jorgrun (Spider:1)
  14 Orb Guardians
  A Cloud Mage (WizLab)
  5 liches
  An Ice Fiend (Depths:2)
  Asterion (Spider:3)
  A walking crystal tome (Depths:3)
  2 quicksilver dragons
  A walking earthen tome (Depths:3)
  A deep elf blademaster (Elf:3)
  3 deep elf master archers (Elf:3)
  6 titans
  9 sphinxes
  5 tentacled starspawn
  Gastronok (D:10)
  Agnes (Spider:2)
  3 tengu reavers
  6 ancient champions
  7 death cobs
  2 draconian monks (Zot:1)
  A fenstrider witch (Swamp:3)
  9 storm dragons
  Donald (Spider:1)
  The ghost of Shard1697 the Zephyrmancer, an adept DrHW of Vehumet (Swamp:4)
  4 shadow dragons
  3 revenants
  2 iron dragons
  21 vault wardens
  7 deep elf sorcerers
  5 fire giants
  3 ghost moths
  2 emperor scorpions (Spider:4)
  Louise (Spider:2)
  3 curse skulls
  A caustic shrike zombie (Crypt:3)
  3 frost giants
  A draconian scorcher (Zot:4)
  2 deep elf elementalists (Elf:3)
  8 ghouls
  A cacodemon (Depths:2)
  A broodmother (shapeshifter) (Vaults:5)
  5 very ugly things
  5 spriggan defenders
  2 orc warlords
  15 ironbound preservers
  5 reapers
  A formless jellyfish (Vaults:3)
  4 ironbound thunderhulks
  4 war gargoyles
  A green draconian (Depths:4)
  10 deep elf demonologists
  7 vampire knights
  5 dire elephants
  A minotaur (Gauntlet)
  7 stone giants
  3 bennus (Tomb:2)
  4 eleionomae
  A black draconian (Zot:1)
  A lorocyproca (D:5)
  13 spark wasps
  3 deep elf annihilators (Elf:3)
  2 red draconians
  3 yellow draconians
  4 purple draconians
  4 bunyips (Swamp:1)
  2 wendigos (Depths:2)
  7 fire dragons
  11 deep elf death magi
  A white draconian (Zot:1)
  6 ettins
  12 mummy priests
  13 eidola
  4 blizzard demons
  A crystal guardian (Vaults:2)
  2 jiangshi
  5 entropy weavers
  10 hydras
  9 deep elf high priests
  5 spriggan zombies (Crypt:3)
  22 vault guards
  10 yaktaur captains
  11 great orbs of eyes
  7 ice dragons
  9 spriggan air magi
  Harold (Orc:1)
  A quicksilver dragon zombie (Crypt:1)
  4 peacekeepers
  3 ogre magi
  2 caustic shrike simulacra
  2 jorogumos
  6 rakshasas
  3 ghost crabs
  2 radroaches
  An anaconda (Lair:5)
  5 ironbound frosthearts
  2 death knights
  A fenstrider witch skeleton (Crypt:1)
  7 centaur warriors
  A two-headed ogre (shapeshifter) (Vaults:2)
  5 boulder beetles
  17 two-headed ogres
  2 alligators
  3 spriggan skeletons (Crypt:3)
  26 dancing weapons
  4 vampire magi
  6 deep troll shamans
  6 death yaks (Lair:4)
  8 tengu warriors
  3 orc high priests (Orc:2)
  3 deep troll earth magi
  2 thrashing horrors (Abyss:2)
  3 demonic crawlers
  Urug (Lair:3)
  A shock serpent (WizLab)
  29 death scarabs
  3 spriggan berserkers
  A hell hog (Gauntlet)
  Nergalle (D:10)
  A fire crab (Gauntlet)
  9 hell knights
  6 soul eaters
  5 spriggans
  A fire crab (shapeshifter) (Elf:1)
  A storm dragon zombie (Abyss:2)
  A sixfirhy (D:13)
  18 deep elf knights
  A death drake (WizLab)
  A wretched star (Abyss:2)
  A skyshark (Lair:4)
  5 pharaoh ants
  12 skeletal warriors
  4 iron trolls
  24 deep trolls
  4 goliath frogs
  A spatial maelstrom (Abyss:3)
  An iron giant zombie (Crypt:2)
  A spriggan druid (Swamp:4)
  2 spriggan riders
  4 orb spiders
  2 flayed ghosts
  8 bog bodies
  4 sun moths
  4 swamp dragons
  A spriggan simulacrum (Depths:2)
  An orb spider (shapeshifter) (Elf:1)
  16 ironbound convokers
  An anaconda zombie (Tomb:1)
  A shadow dragon zombie (Crypt:2)
  4 orange crystal statues (Orc:2)
  2 bunyip skeletons (Crypt:3)
  2 harpies (Vaults:2)
  An anaconda skeleton (Crypt:1)
  5 wizards
  14 deep elf archers
  16 phantasmal warriors
  2 steelbarb worms
  6 lindwurms
  29 deep elf pyromancers
  18 necromancers
  17 deep elf zephyrmancers
  5 large abominations
  3 stone giant zombies
  7 cyclopes
  8 orc knights
  3 orc sorcerers (Orc:2)
  10 wolf spiders
  A worldbinder (Abyss:2)
  41 ugly things
  4 will-o-the-wisps
  2 moths of wrath (shapeshifter)
  10 moths of wrath
  A shadow dragon skeleton (Crypt:3)
  A manticore (shapeshifter) (Vaults:5)
  A faun (shapeshifter) (Vaults:5)
  A stone giant skeleton (Crypt:1)
  7 elephants
  9 black mambas
  2 naga zombies (Crypt:3)
  Maurice (D:9)
  8 vault sentinels
  A black mamba (shapeshifter) (Depths:4)
  2 centaur zombies (Crypt:3)
  A rust devil (Depths:2)
  A molten gargoyle (Volcano)
  4 apocalypse crabs (WizLab)
  4 torpor snails
  3 centaur skeletons
  5 gargoyles
  A titan simulacrum (Depths:2)
  2 dire elephant skeletons
  A dire elephant zombie (Tomb:1)
  An orange demon (Abyss:3)
  2 smoke demons
  5 unseen horrors
  14 cane toads
  A yaktaur zombie (Vaults:2)
  2 hellions (Zot:4)
  4 storm dragon simulacra (IceCv)
  A shock serpent skeleton (Crypt:1)
  10 freezing wraiths
  A catoblepas skeleton (Crypt:2)
  4 komodo dragons
  A minotaur zombie (Gauntlet)
  18 yaktaurs
  20 guardian mummies
  4 tengu conjurers
  An anaconda simulacrum (Swamp:4)
  A purple draconian zombie (Crypt:2)
  3 golden dragon simulacra (IceCv)
  A komodo dragon (shapeshifter) (Vaults:2)
  2 harpy zombies
  2 efreet (D:12)
  A queen bee (Abyss:3)
  A meliai (shapeshifter) (Vaults:5)
  13 hellwings (Crypt:3)
  An ancient zyme (Abyss:2)
  A merfolk (shapeshifter) (D:15)
  A wind drake (WizLab)
  8 hornets
  5 meliai (Abyss:3)
  10 trolls
  6 starcursed masses (Abyss:2)
  A sphinx simulacrum (Depths:2)
  6 tyrant leeches
  7 polar bears (Lair:5)
  A harpy skeleton (Crypt:3)
  9 tarantellas
  20 blink frogs
  A boulder beetle zombie (Crypt:2)
  A human simulacrum (Vaults:3)
  11 raiju
  A slime creature (shapeshifter) (Vaults:2)
  A fire dragon skeleton (Crypt:1)
  42 slime creatures
  A jumping spider (shapeshifter) (Vaults:5)
  Sigmund (D:2)
  11 air elementals
  2 black mamba zombies
  A culicivora (shapeshifter) (Elf:3)
  12 culicivoras
  18 flying skulls
  3 ettin skeletons
  A spriggan (shapeshifter) (Elf:2)
  14 jumping spiders
  12 wyverns
  An ushabti (Crypt:3)
  Eustachio (D:4)
  2 water elementals
  14 wraiths
  23 yaks
  A vampire (D:13)
  2 fire elementals (Elf:2)
  A basilisk (shapeshifter) (D:13)
  8 fire bats (Gauntlet)
  3 basilisks
  13 vampire mosquitoes
  5 golden eyes
  A chaos spawn (Abyss:2)
  46 redbacks
  3 steam dragons
  2 minotaur simulacra (Swamp:4)
  A neqoxec (Abyss:2)
  2 redbacks (shapeshifter)
  Edmund (D:6)
  Menkaure (D:4)
  A deep troll zombie (Vaults:5)
  5 wargs
  3 human zombies
  18 swamp worms
  23 water moccasins
  3 acid dragons
  12 hell hounds
  Duvessa (D:6)
  A fire bat skeleton (Crypt:2)
  23 orc warriors
  An elf zombie (Elf:2)
  An alligator simulacrum (Swamp:4)
  6 ice dragon simulacra (IceCv)
  12 ice beasts (D:13)
  2 sky beasts (D:6)
  11 black bears
  7 ogres
  10 wolves
  3 centaurs
  An elephant skeleton (Crypt:2)
  2 kobold brigands
  A hog skeleton (Crypt:1)
  Blork the orc (D:5)
  18 bullfrogs
  4 earth elementals
  2 necrophages
  A gnoll sergeant (D:12)
  3 scorpions
  A human skeleton (Vaults:2)
  8 small abominations
  4 wyvern skeletons (Crypt:3)
  Dowan (D:6)
  10 killer bees
  4 lindwurm simulacra
  A howler monkey (D:7)
  5 electric eels
  A basilisk zombie (Crypt:1)
  4 jellies
  Crazy Yiuf (D:2)
  7 hounds
  2 quasits (Abyss:2)
  15 orc priests
  A gnoll bouda (D:7)
  23 orc wizards
  A sleepcap (D:6)
  3 iguanas (D:5)
  Natasha (thrice) (D:3)
  An acid dragon skeleton (Crypt:2)
  21 mummies
  3 adders
  16 gnolls
  A shadow imp (D:6)
  A white imp (D:8)
  A dart slug (D:2)
  57 orcs
  An endoplasm (D:2)
  4 giant cockroaches
  16 goblins
  14 hobgoblins
  4 jackals
  16 kobolds
  2 quokkas
  5 ball pythons
  A ball python skeleton (Crypt:1)
  A ball python zombie (Crypt:2)
  10 bats
  2 frilled lizards
  2 orc zombies
  4 rats
  2 spectral weapons (Spider:3)
  3 starspawn tentacles
1939 creatures vanquished.

Vanquished Creatures (collateral kills)
  Frederick (Vaults:4)
  A golden dragon (Zot:2)
  Nikola (Spider:4)
  An electric golem (Zot:5)
  3 tentacled monstrosities
  A lich (Depths:4)
  11 Orb Guardians
  3 titans
  A death cob (Zot:5)
  4 sphinxes
  Aizul (Swamp:2)
  A shadow dragon (Vaults:5)
  3 storm dragons (Zot:5)
  5 tengu reavers
  3 iron dragons (Vaults:5)
  An emperor scorpion (Spider:4)
  2 frost giants
  2 fire giants
  A draconian shifter (Zot:5)
  2 ghost moths (Spider:4)
  7 vault wardens
  2 deep elf sorcerers
  9 ironbound preservers
  2 draconian stormcallers
  A very ugly thing (Vaults:5)
  2 war gargoyles
  A spriggan defender (Depths:3)
  2 stone giants (Vaults:5)
  A green draconian (Zot:5)
  6 ironbound thunderhulks
  An eleionoma (Swamp:4)
  2 white draconians
  A dire elephant (Vaults:3)
  3 bennus
  An eleionoma (shapeshifter) (Vaults:5)
  4 deep elf annihilators (Elf:3)
  2 yellow draconians (Zot:1)
  3 bunyips
  2 purple draconians (Zot:5)
  A red draconian (Zot:1)
  2 spark wasps
  3 ettins (Depths:1)
  A merfolk impaler (Depths:2)
  2 mummy priests
  2 great orbs of eyes
  2 deep elf high priests (Elf:3)
  2 fire dragons
  3 ice dragons
  A peacekeeper (Vaults:2)
  A jorogumo (Spider:4)
  9 vault guards (Vaults:5)
  2 ironbound frosthearts (Vaults:3)
  9 hydras (Swamp:4)
  2 yaktaur captains
  2 spriggan air magi (Depths:1)
  A radroach (Spider:2)
  A spriggan skeleton (Tomb:1)
  3 dancing weapons
  A centaur warrior (Vaults:3)
  A boulder beetle (Vaults:2)
  An alligator (Swamp:3)
  A deep troll earth mage (Depths:4)
  A demonic crawler (Spider:3)
  2 deep troll shamans
  3 tengu warriors
  A vampire mage (Depths:3)
  5 hell knights
  3 spriggans (Swamp:3)
  A skyshark (Lair:5)
  2 deep elf knights
  A sun moth (Spider:2)
  3 pharaoh ants
  A goliath frog (Swamp:4)
  2 iron trolls
  A death drake (Swamp:1)
  5 orb spiders
  An orb spider (shapeshifter) (Vaults:5)
  2 spriggan druids (Swamp:4)
  2 bog bodies
  22 deep trolls
  2 wizards
  7 swamp dragons (Swamp:4)
  An orange crystal statue (IceCv)
  A deep elf archer (Elf:1)
  A shadow demon (D:3)
  A steelbarb worm (Spider:2)
  3 ironbound convokers
  2 phantasmal warriors (Depths:3)
  2 orc knights
  7 ugly things
  2 lindwurms
  2 harpies (Vaults:2)
  2 wolf spider zombies (Spider:4)
  3 deep elf zephyrmancers
  3 wolf spiders (Spider:4)
  3 orc sorcerers (Orc:2)
  2 moths of wrath (Zot:5)
  A salamander (shapeshifter) (D:15)
  4 elephants (Lair:5)
  A vault sentinel (Vaults:5)
  A guardian serpent (Lair:5)
  A black mamba (Lair:5)
  6 cane toads (Lair:5)
  2 torpor snails
  4 yaktaurs
  3 rime drakes (Swamp:4)
  A tengu conjurer (D:15)
  An efreet (D:5)
  A komodo dragon (Lair:5)
  A guardian mummy (Tomb:1)
  A golden dragon simulacrum (IceCv)
  A human skeleton (Vaults:3)
  A red devil (Depths:2)
  A hellwing (Depths:2)
  2 polar bears (Lair:5)
  A tyrant leech (Swamp:3)
  A human zombie (Vaults:5)
  2 blink frogs (Lair:5)
  8 tarantellas
  8 hornets
  A raiju (Lair:5)
  5 jumping spiders
  7 slime creatures
  A culicivora (shapeshifter) (Depths:2)
  2 ushabtiu
  11 culicivoras
  A hog (Spider:4)
  A yak (Lair:5)
  A vampire mosquito (D:12)
  A fire elemental (Elf:3)
  17 redbacks
  2 wargs (Lair:5)
  3 minotaur simulacra (Swamp:4)
  5 swamp worms
  5 hell hounds (Lair:5)
  6 water moccasins (Lair:5)
  7 swamp drakes (Swamp:4)
  2 orc warriors
  A black bear (Lair:5)
  2 ice dragon simulacra (IceCv)
  2 ogres
  9 wolves (Lair:5)
  A necrophage (Swamp:2)
  2 lindwurm simulacra (IceCv)
  2 orc priests (Vaults:5)
  A small abomination (Abyss:2)
  2 gnolls (Orc:2)
  6 orcs
  A fire vortex (Zot:4)
415 creatures vanquished.

Vanquished Creatures (others)
  An Orb Guardian (Zot:5)
  Kirke (Spider:4)
  2 very ugly thing zombies (Vaults:5)
  4 spriggan zombies
  6 Orb Guardian zombies (Zot:5)
  2 titan zombies (Vaults:5)
  3 storm dragon zombies
  A sun moth (Spider:2)
  5 spark wasp zombies
  2 golden dragon zombies
  4 orb spiders (Spider:4)
  A shadow dragon zombie (Depths:3)
  5 ugly thing zombies
  A spriggan simulacrum (Depths:2)
  A jorogumo zombie (Spider:4)
  6 sphinx zombies (Tomb:1)
  A goliath frog zombie (Swamp:4)
  2 wolf spider zombies
  A stone giant zombie (Depths:4)
  A frost giant zombie (Depths:3)
  An iron dragon zombie (Vaults:5)
  A wolf spider (Spider:4)
  An eleionoma zombie (Swamp:2)
  3 fire giant zombies
  2 moths of wrath (Zot:4)
  An unseen horror (Crypt:2)
  A torpor snail (Spider:4)
  3 orb spider zombies
  15 redback zombies
  An iron troll zombie (Depths:4)
  2 hydra zombies (Swamp:4)
  2 tarantellas (Spider:4)
  3 jumping spider zombies
  3 bloated husks
  A guardian serpent zombie (Lair:5)
  5 moth of wrath zombies
  4 fire dragon zombies
  A great orb of eyes zombie (Vaults:2)
  A radroach zombie (Spider:3)
  4 ice dragon zombies
  4 culicivora zombies
  4 tarantella zombies
  4 black mamba zombies
  A culicivora (Spider:4)
  2 ettin zombies (Depths:3)
  A centaur simulacrum (D:15)
  3 air elementals (WizLab)
  A jumping spider (Spider:4)
  6 hogs (Spider:4)
  A redback (Spider:4)
  5 two-headed ogre zombies (D:15)
  17 deep troll zombies
  3 tengu zombies
  37 human zombies
  3 ogre zombies
  4 cane toad zombies (Lair:5)
  A faun zombie (Vaults:5)
  3 swamp dragon zombies
  An ettin simulacrum (Depths:2)
  An orc warrior (Orc:2)
  16 elf zombies
  A rime drake zombie (Swamp:4)
  2 torpor snail zombies
  7 hog zombies (Spider:4)
  7 yaktaur zombies (Vaults:5)
  A komodo dragon zombie (D:12)
  A salamander zombie (D:15)
  A wyvern zombie (Lair:5)
  A hell hound zombie (Lair:5)
  2 yak zombies (D:12)
  2 warg zombies
  4 raiju zombies
  2 polar bear zombies (Lair:5)
  A wolf zombie (Lair:5)
  An orc wizard (D:8)
  11 orc zombies (Orc:2)
  A creeping inferno (Zot:4)
  A fire vortex (Zot:4)
  18 foxfires
  30 starspawn tentacles
317 creatures vanquished.

Grand Total: 2671 creatures vanquished

Notes
Turn   | Place    | Note
-------+----------+-------------------------------------------
     0 | D:1      | Shard1697 the Draconian Cinder Acolyte began the quest for
                  | the Orb.
     0 | D:1      | Reached XP level 1. HP: 19/19 MP: 2/2
    99 | D:1      | Found a faded altar of an unknown god.
   164 | D:1      | Reached XP level 2. HP: 23/26 MP: 2/4
   167 | D:1      | Learned a level 2 spell: Scorch
   642 | D:2      | Noticed Sigmund
   711 | D:2      | Reached XP level 3. HP: 26/31 MP: 6/6
   804 | D:2      | Killed Sigmund
   805 | D:2      | Reached XP level 4. HP: 40/40 MP: 0/7
   805 | D:2      | Reached XP level 5. HP: 46/46 MP: 0/8
  1333 | D:2      | Found a runed translucent door.
  1334 | D:2      | Noticed Crazy Yiuf
  1341 | D:2      | Killed Crazy Yiuf
  1555 | D:3      | Noticed Natasha
  1559 | D:3      | Killed Natasha
  1671 | D:3      | Reached XP level 6. HP: 31/53 MP: 2/9
  1864 | D:3      | Noticed Robin
  1892 | D:3      | Learned a level 3 spell: Vampiric Draining
  2051 | D:3      | Reached skill level 1 in Necromancy
  2139 | D:3      | Noticed Natasha
  2146 | D:3      | Killed Natasha
  2268 | D:3      | Reached skill level 2 in Necromancy
  2414 | D:3      | Noticed Natasha
  2424 | D:3      | Killed Natasha
  2705 | D:4      | Reached skill level 3 in Necromancy
  2806 | D:4      | Noticed Eustachio
  2818 | D:4      | Found a blossoming altar of Fedhas.
  2824 | D:4      | Killed Eustachio
  2825 | D:4      | Reached skill level 4 in Necromancy
  2825 | D:4      | Your scales start taking on an icy white colour.
  2825 | D:4      | Reached XP level 7. HP: 60/60 MP: 1/10
  2825 | D:4      | Gained mutation: Your flesh is cold resistant. (rC+) [White
                  | Draconian growth]
  2827 | D:4      | Learned a level 1 spell: Freeze
  2831 | D:4      | Learned a level 3 spell: Frozen Ramparts
  3039 | D:4      | Reached skill level 5 in Fighting
  3092 | D:4      | Noticed Menkaure
  3100 | D:4      | Killed Menkaure
  3192 | D:4      | Found an iron altar of Okawaru.
  3464 | D:5      | Entered Level 5 of the Dungeon
  3519 | D:5      | Reached XP level 8. HP: 58/68 MP: 2/11
  3590 | D:5      | Reached skill level 5 in Ice Magic
  3963 | D:5      | Noticed Blork the orc
  3969 | D:5      | Killed Blork the orc
  4184 | D:5      | Found an ancient bone altar of Kikubaaqudgha.
  4193 | D:5      | Found a sparkling altar of Nemelex Xobeh.
  4453 | D:6      | Noticed Edmund
  4467 | D:6      | Killed Edmund
  4545 | D:6      | Found a shadowy altar of Dithmenos.
  4611 | D:6      | Reached skill level 5 in Maces & Flails
  4954 | D:6      | Noticed Duvessa
  4955 | D:6      | Noticed Dowan
  4968 | D:6      | Killed Duvessa
  4971 | D:6      | Killed Dowan
  5006 | D:6      | Reached XP level 9. HP: 48/78 MP: 3/12
  5155 | D:6      | Found a glowing golden altar of the Shining One.
  5376 | D:6      | Found a staircase to the Ecumenical Temple.
  6655 | D:8      | Noticed a cyclops
  6670 | D:8      | Killed a cyclops
  6671 | D:8      | Reached skill level 5 in Necromancy
  6973 | D:8      | Noticed a two-headed ogre
  6989 | D:8      | Killed a two-headed ogre
  7066 | D:8      | Noticed a two-headed ogre
  7078 | D:8      | Killed a two-headed ogre
  7079 | D:8      | Reached XP level 10. HP: 82/86 MP: 11/14
  7115 | D:8      | Identified the +6 war axe of the Scorpion {venom, +Blink
                  | rPois rC+ Stlth+}
  7164 | D:8      | Reached skill level 10 in Maces & Flails
  7403 | D:8      | Found Xader's Jewellery Shop.
  7403 | D:8      | Noticed a deep elf pyromancer
  7553 | D:8      | Killed a deep elf pyromancer
  7561 | D:8      | Noticed a gargoyle
  7581 | D:8      | Killed a gargoyle
  7594 | D:8      | Bought an amulet of regeneration for 360 gold pieces
  7741 | D:8      | Found a staircase to the Lair.
  7927 | D:8      | Learned a level 5 spell: Freezing Cloud
  7961 | D:9      | Noticed Maurice
  7974 | D:9      | Killed Maurice
  7975 | D:9      | Reached skill level 1 in Conjurations
  7975 | D:9      | Reached skill level 1 in Air Magic
  8218 | D:9      | Noticed a cyclops
  8228 | D:9      | Killed a cyclops
  8310 | D:9      | Identified a scroll of acquirement
  8310 | D:9      | Acquired 838 gold pieces
  8316 | D:9      | Noticed a two-headed ogre
  8323 | D:9      | Killed a two-headed ogre
  8324 | D:9      | Reached XP level 11. HP: 94/94 MP: 14/17
  8412 | D:9      | Found a radiant altar of Vehumet.
  8575 | D:9      | Found a hide-covered altar of Uskayaw.
  8688 | D:10     | Entered Level 10 of the Dungeon
  8760 | D:10     | Noticed Nergalle
  8767 | D:10     | Killed Nergalle
  8980 | D:10     | Noticed a two-headed ogre
  8984 | D:10     | Noticed Gastronok
  8987 | D:10     | Killed a two-headed ogre
  8988 | D:10     | Reached skill level 5 in Conjurations
  9068 | D:10     | Killed Gastronok
  9069 | D:10     | Reached skill level 5 in Air Magic
  9103 | D:10     | Found a stormy altar of Qazlal.
  9183 | D:10     | Found Nostumexu's Book Shop.
  9215 | D:10     | Bought Ozocubu's Autobiography for 312 gold pieces
  9220 | D:10     | Learned a level 3 spell: Ozocubu's Armour
  9389 | D:11     | Noticed a two-headed ogre
  9398 | D:11     | Killed a two-headed ogre
  9424 | D:11     | Noticed a two-headed ogre
  9432 | D:11     | Killed a two-headed ogre
  9547 | D:11     | Noticed a two-headed ogre
  9557 | D:11     | Killed a two-headed ogre
  9558 | D:11     | Reached skill level 10 in Ice Magic
 10137 | Lair:1   | Entered Level 1 of the Lair of Beasts
 10158 | Lair:1   | Reached XP level 12. HP: 54/101 MP: 11/18
 10415 | Lair:1   | Found a transporter.
 10699 | Lair:1   | Found a transporter.
 11774 | Lair:2   | Reached skill level 5 in Spellcasting
 12110 | Lair:3   | Found a hole to the Spider Nest.
 12255 | Lair:3   | Noticed a six-headed hydra
 12268 | Lair:3   | Killed a six-headed hydra
 12279 | Lair:3   | Learned a level 4 spell: Animate Dead
 12365 | Lair:3   | Noticed Urug
 12378 | Lair:3   | Killed Urug
 12432 | Lair:3   | Found a staircase to the Swamp.
 12686 | Lair:3   | Reached skill level 6 in Necromancy
 12692 | Lair:3   | Reached skill level 1 in Dodging
 12692 | Lair:3   | Reached XP level 13. HP: 70/107 MP: 7/21
 13273 | Lair:4   | Acquired the +10 morningstar "Eos" {elec, Halo rElec}
 13273 | Lair:4   | Found the +10 morningstar "Eos" {elec, Halo rElec}
 13311 | Lair:4   | Reached skill level 1 in Shields
 13575 | Lair:4   | Identified the +8 short sword "Liziyreu" {flame, rN+}
 14339 | Lair:5   | Entered Level 5 of the Lair of Beasts
 14518 | Lair:5   | Reached skill level 5 in Shields
 14724 | Lair:5   | Reached XP level 14. HP: 118/118 MP: 22/22
 14752 | Lair:5   | Found a staircase to the Slime Pits.
 15003 | Lair:5   | Reached skill level 10 in Fighting
 15061 | Lair:5   | Reached skill level 5 in Dodging
 15931 | D:12     | Found a staircase to the Orcish Mines.
 16346 | D:12     | Identified the +1 scimitar of the Depths {speed, rC+ rCorr}
 16365 | D:12     | Identified the +5 orcbow "Tazeas" {drain, +Blink rF+}
 16493 | D:12     | You fall into a shaft and drop 2 floors!
 17216 | D:13     | Reached XP level 15. HP: 118/128 MP: 13/23
 18037 | D:14     | Reached skill level 7 in Necromancy
 18126 | D:14     | Found a gate to the Vaults.
 18136 | D:14     | Reached skill level 15 in Maces & Flails
 18234 | D:14     | Found Sousour's Changing Room.
 18376 | D:15     | Entered Level 15 of the Dungeon
 18547 | D:15     | Found a gate leading to a gauntlet.
 18585 | Gauntlet | Entered a Gauntlet
 18585 | Gauntlet | Found a transporter.
 18585 | Gauntlet | Found a transporter.
 18594 | Gauntlet | Found a transporter.
 18606 | Gauntlet | Found a transporter.
 18624 | Gauntlet | Found a transporter.
 18624 | Gauntlet | Found a transporter.
 18624 | Gauntlet | Found a transporter.
 18626 | Gauntlet | Found a transporter.
 18626 | Gauntlet | Found a transporter.
 18640 | Gauntlet | Found a transporter.
 18656 | Gauntlet | Found a transporter.
 18666 | Gauntlet | Found a transporter.
 18680 | Gauntlet | Found a transporter.
 18714 | Gauntlet | Found a transporter.
 18752 | Gauntlet | Learned a level 2 spell: Sublimation of Blood
 18754 | Gauntlet | Identified the -1 cloak of Recklessness {rPois Str+2}
 18848 | Gauntlet | Identified the +7 hand axe of Fuymu {venom, rPois Will++
                  | rCorr Str+2}
 18900 | Gauntlet | Identified the ring of Juulifun {rC+ Will- MP+9 Int+3}
 19009 | Gauntlet | Identified the +0 robe "Vitaokh" {rF+ Dex+5}
 19370 | D:15     | Found a sacrificial altar of Ru.
 19377 | D:15     | Reached skill level 8 in Necromancy
 19383 | D:15     | Learned a level 4 spell: Dispel Undead
 19596 | D:15     | Found a staircase to the Depths.
 19696 | D:15     | Found a portal to a secret trove of treasure.
 19703 | D:15     | Reached XP level 16. HP: 131/131 MP: 12/25
 20209 | Orc:1    | Entered Level 1 of the Orcish Mines
 20246 | Orc:1    | Found a dark tunnel.
 20255 | Volcano  | Entered a volcano
 20609 | Orc:1    | Noticed Harold
 20619 | Orc:1    | Killed Harold
 20709 | Orc:2    | Entered Level 2 of the Orcish Mines
 20888 | Orc:2    | Found a runed translucent door.
 20889 | Orc:2    | Found the +10 tower shield of Ignorance {rN+ Int-4}
 20994 | Orc:2    | Found a staircase to the Elven Halls.
 21028 | Orc:2    | Found a flickering gateway to a bazaar.
 21042 | Bazaar   | Entered a bazaar
 21055 | Bazaar   | Found Xuwept's Armour Boutique.
 21055 | Bazaar   | Found Weneiwisk's Weapon Shop.
 21063 | Bazaar   | Bought the +2 shield of Resistance {rF++ rC++ Will++} for
                  | 1057 gold pieces
 21063 | Bazaar   | Found the +2 shield of Resistance {rF++ rC++ Will++}
 21126 | Bazaar   | Found Moshatuo's Book Boutique.
 21126 | Bazaar   | Found Jetudog's Antique Weapon Shop.
 21291 | Orc:2    | Found a runed translucent door.
 21753 | Orc:2    | Reached skill level 10 in Shields
 21933 | Orc:2    | Found Pan Daur's General Store.
 21933 | Orc:2    | Found Aci Vuan's Assorted Antiques.
 21938 | Orc:2    | Found Ylutull's General Store.
 21943 | Orc:2    | Found Wiyrasch's Distillery.
 21948 | Orc:2    | Bought a potion of curing for 39 gold pieces
 21948 | Orc:2    | Bought a potion of curing for 39 gold pieces
 21948 | Orc:2    | Bought a potion of heal wounds for 65 gold pieces
 21948 | Orc:2    | Bought a potion of haste for 130 gold pieces
 21948 | Orc:2    | Bought a potion of mutation for 104 gold pieces
 21948 | Orc:2    | Bought a potion of curing for 39 gold pieces
 21956 | Orc:2    | Bought a potion of heal wounds for 65 gold pieces
 21959 | Orc:2    | Bought a faintly glowing cloak for 256 gold pieces
 21959 | Orc:2    | Identified the +0 cloak of the Kangaroo {rElec rPois MP+9
                  | SInv} (You bought it in a shop on level 2 of the Orcish
                  | Mines)
 21959 | Orc:2    | Bought a potion of heal wounds for 135 gold pieces
 22349 | Swamp:1  | Entered Level 1 of the Swamp
 22433 | Swamp:1  | Reached skill level 10 in Dodging
 22887 | Swamp:1  | Reached skill level 9 in Necromancy
 23482 | Swamp:2  | Noticed Aizul
 23498 | Swamp:2  | Killed Aizul
 23936 | Swamp:2  | Reached skill level 10 in Necromancy
 23960 | Swamp:2  | Learned a level 6 spell: Simulacrum
 24494 | Swamp:3  | Reached XP level 17. HP: 73/141 MP: 27/27
 24795 | Swamp:4  | Entered Level 4 of the Swamp
 24873 | Swamp:4  | Reached skill level 11 in Necromancy
 24933 | Swamp:4  | Got a decaying rune of Zot
 25152 | Swamp:4  | Found a frozen archway.
 25164 | IceCv    | Entered an ice cave
 25424 | IceCv    | Reached skill level 12 in Necromancy
 25448 | IceCv    | Noticed a golden dragon
 25489 | IceCv    | Killed a golden dragon
 25603 | IceCv    | Identified the amulet of Lies {Reflect MP+9 SH+5}
 25611 | IceCv    | Identified the ring "Yqoki" {rN+ Will+ Dex-4 Slay+4}
 25763 | IceCv    | Identified the +4 flail of the Illusory Villages {protect,
                  | rElec}
 26022 | Swamp:4  | Found a runed translucent gate.
 26022 | Swamp:4  | Found a runed translucent gate.
 26022 | Swamp:4  | Found a runed translucent gate.
 26028 | Swamp:4  | Noticed Shard1697's ghost (adept DrHW)
 26036 | Swamp:4  | Killed Shard1697's ghost
 26336 | Spider:1 | Entered Level 1 of the Spider Nest
 26781 | Spider:1 | Noticed Jorgrun
 26901 | Spider:1 | Killed Jorgrun
 27228 | Spider:2 | Noticed Donald
 27246 | Spider:1 | Reached skill level 13 in Necromancy
 27391 | Spider:2 | Noticed Agnes
 27402 | Spider:1 | Killed Donald
 27430 | Spider:2 | Killed Agnes
 27837 | Spider:2 | Noticed Louise
 27856 | Spider:2 | Reached XP level 18. HP: 113/149 MP: 28/28
 27856 | Spider:2 | Killed Louise
 28293 | Spider:3 | Noticed Arachne
 28321 | Spider:3 | Killed Arachne
 28633 | Spider:3 | Acquired the +1 cloak of Starlight {*Dazzle EV+4 Stlth--}
 28633 | Spider:3 | Found the +1 cloak of Starlight {*Dazzle EV+4 Stlth--}
 28735 | Spider:3 | Reached skill level 15 in Ice Magic
 29069 | Spider:3 | Identified the +1 scale mail of the Devil's Advocate
                  | {*Corrode Str+8 Dex+4 Stlth-}
 29363 | Spider:4 | Entered Level 4 of the Spider Nest
 29363 | Spider:4 | Identified the +4 kite shield of the Clam {rC+ Str+4}
 29363 | Spider:4 | Noticed Asterion
 29515 | Spider:3 | Killed Asterion
 29757 | Spider:4 | Noticed Nikola
 29761 | Spider:4 | Noticed Kirke
 29768 | Spider:4 | Killed Kirke
 29773 | Spider:4 | Killed Nikola
 29941 | Spider:4 | Reached skill level 14 in Necromancy
 30242 | Spider:4 | Identified the +2 pair of boots of Greed {Rampage rN++
                  | Regen+}
 30286 | Spider:4 | Got a gossamer rune of Zot
 30826 | Elf:1    | Entered Level 1 of the Elven Halls
 31546 | Elf:1    | Found Xyzih's Magic Scroll Emporium.
 31554 | Elf:1    | Bought a scroll of enchant armour for 112 gold pieces
 31554 | Elf:1    | Bought 2 scrolls of teleportation for 90 gold pieces
 31554 | Elf:1    | Bought a scroll of teleportation for 45 gold pieces
 32084 | Elf:2    | Reached skill level 1 in Stealth
 32204 | Elf:2    | Paralysed by an air elemental for 1 turns
 32210 | Elf:2    | Paralysed by an air elemental for 1 turns
 32400 | Elf:2    | Reached skill level 5 in Stealth
 32405 | Elf:2    | Reached XP level 19. HP: 132/158 MP: 30/30
 32541 | Elf:2    | Found a runed translucent gate.
 32541 | Elf:2    | Found a runed translucent gate.
 32542 | Elf:2    | Found a runed translucent gate.
 32977 | Abyss:2  | Cast into level 2 of the Abyss (+2 hand axe of distortion)
 33375 | Abyss:2  | Gained mutation: Your spells are a little easier to cast,
                  | but a little less powerful. [a neqoxec]
 33379 | Abyss:2  | Lost mutation: Your spells are a little easier to cast, but
                  | a little less powerful. [potion of mutation]
 33379 | Abyss:2  | Gained mutation: You are weak. (Str -2) [potion of
                  | mutation]
 33379 | Abyss:2  | Gained mutation: You have a beak for a mouth. [potion of
                  | mutation]
 33379 | Abyss:2  | Gained mutation: You are strong-willed. (Will+) [potion of
                  | mutation]
 33379 | Abyss:2  | Gained mutation: You are robust. (+10% HP) [potion of
                  | mutation]
 33413 | Abyss:2  | Found a corrupted altar of Lugonu.
 33451 | Abyss:2  | Found a corrupted altar of Lugonu.
 33483 | Abyss:2  | Found a corrupted altar of Lugonu.
 33542 | Abyss:2  | Found a corrupted altar of Lugonu.
 33642 | Abyss:3  | Found a corrupted altar of Lugonu.
 33661 | Abyss:3  | Noticed a dread lich
 33661 | Abyss:3  | Paralysed by a dread lich for 5 turns
 33681 | Abyss:3  | Killed a dread lich
 33682 | Abyss:3  | Reached skill level 15 in Shields
 33745 | Abyss:3  | Got an abyssal rune of Zot
 33880 | Elf:2    | Escaped the Abyss
 34130 | Elf:3    | Entered Level 3 of the Elven Halls
 34740 | Elf:3    | Paralysed by an air elemental for 1 turns
 34995 | Elf:3    | Paralysed by an air elemental for 1 turns
 35001 | Elf:3    | Paralysed by an air elemental for 1 turns
 35134 | Elf:3    | Reached XP level 20. HP: 156/185 MP: 32/32
 35287 | Elf:3    | Identified the +5 scale mail of Shadows and Fog {Dex+3}
 35449 | Elf:3    | Identified the +2 leather armour of the True Pharaoh
                  | {Slay+5 Stlth+}
 35478 | Elf:3    | Identified the ring of Biomial {Str+3 Int+6 Stlth+}
 35492 | Elf:3    | Reached skill level 15 in Necromancy
 35539 | Elf:3    | Identified the +0 cloak "Itiudaxt" {rF+ Str+2}
 35554 | Elf:3    | Found the +8 storm bow {elec, penet}
 35581 | Elf:3    | Learned a level 5 spell: Agony
 35602 | Elf:3    | Got the Spellbook of Cankerous Vapour
 35619 | Elf:3    | Got the Omnibus of Voltage and Points
 35632 | Elf:3    | Identified the staff "Ujoakis" {rN+ Necro Air}
 35648 | Elf:3    | Identified the +3 spear of the Transmuting Gods {spect,
                  | Contam rPois rC+ Dex+2}
 36007 | Depths:1 | Entered Level 1 of the Depths
 36868 | Depths:1 | Found a gateway to Hell.
 37046 | Depths:2 | Found a flickering gateway to a bazaar.
 37112 | Bazaar   | Entered a bazaar
 37112 | Bazaar   | Found Peirimos's Weapon Shop.
 37112 | Bazaar   | Found Yssiwen's Jewellery Shop.
 37228 | Depths:2 | Found a burning altar of Makhleb.
 37344 | Depths:2 | Found a one-way gate leading to the halls of Pandemonium.
 37520 | Depths:2 | Paralysed by a wendigo for 1 turns
 37599 | Depths:2 | Identified the +5 war axe of Dithmenos, Bedazzling
                  | {protect, rN+ MP+9 Dex+3}
 37602 | Depths:2 | Found a one-way gateway to a ziggurat.
 38097 | Depths:2 | Paralysed by a wendigo for 1 turns
 38277 | Depths:2 | Found a one-way gate to the infinite horrors of the Abyss.
 38592 | Depths:3 | Noticed a golden dragon
 38985 | Depths:3 | Reached XP level 21. HP: 192/198 MP: 34/34
 39116 | Depths:3 | Killed a golden dragon
 39298 | Depths:3 | Found a runed translucent door.
 39303 | Depths:3 | Noticed a juggernaut
 39304 | Depths:3 | Found the +5 robe of Night {Dark Will+ SInv}
 39362 | Depths:3 | Noticed a caustic shrike
 39373 | Depths:3 | Killed a caustic shrike
 40051 | Depths:2 | Identified the +4 quarterstaff of Eminent Domain {freeze,
                  | *Noise Dex+3}
 40081 | Depths:4 | Entered Level 4 of the Depths
 40187 | Depths:4 | Learned a level 7 spell: Haunt
 40240 | Depths:4 | Reached skill level 1 in Summonings
 40598 | Depths:4 | Found a magical portal.
 40625 | WizLab   | Entered The Chambers of the Cloud Mage
 40672 | WizLab   | Paralysed by an air elemental for 1 turns
 40676 | WizLab   | Reached skill level 5 in Summonings
 40742 | WizLab   | Paralysed by an air elemental for 1 turns
 40772 | WizLab   | Paralysed by an air elemental for 1 turns
 40834 | WizLab   | Paralysed by an air elemental for 1 turns
 41054 | WizLab   | Paralysed by an air elemental for 1 turns
 41059 | WizLab   | Paralysed by an air elemental for 1 turns
 41082 | WizLab   | Identified the +10 long sword "Docur" {freeze, Fly SInv
                  | Stlth+}
 41082 | WizLab   | Identified the ring "Guenueff" {Fly Str+4 Dex+2 Stlth+}
 41250 | WizLab   | Got the Teachings on Thunder
 41367 | Depths:4 | Found a gate to the Realm of Zot.
 41518 | Depths:4 | Found Sevopy's Distillery.
 41524 | Depths:4 | Found Igey's General Store.
 41544 | Depths:4 | Bought a potion of experience for 1000 gold pieces
 41544 | Depths:4 | Bought a potion of heal wounds for 100 gold pieces
 41544 | Depths:4 | Bought a potion of curing for 60 gold pieces
 41544 | Depths:4 | Bought a potion of mutation for 160 gold pieces
 41544 | Depths:4 | Bought a potion of heal wounds for 100 gold pieces
 41544 | Depths:4 | Bought a potion of curing for 60 gold pieces
 41544 | Depths:4 | Bought a potion of haste for 200 gold pieces
 41544 | Depths:4 | Reached skill level 10 in Spellcasting
 41544 | Depths:4 | Reached XP level 22. HP: 209/209 MP: 36/36
 41548 | Depths:4 | Learned a level 2 spell: Blink
 41559 | Depths:4 | Bought a potion of heal wounds for 70 gold pieces
 41559 | Depths:4 | Bought a potion of invisibility for 112 gold pieces
 41580 | Depths:4 | Reached skill level 1 in Translocations
 42151 | Zot:1    | Entered Level 1 of the Realm of Zot
 42151 | Zot:1    | Noticed a golden dragon
 42200 | Zot:1    | Noticed a golden dragon
 42208 | Zot:1    | Noticed an orb of fire
 42214 | Zot:1    | Noticed Parghit
 42230 | Zot:1    | HP: 10/205 [orb of fire/bolt of fire (19)]
 42493 | Vaults:1 | Entered Level 1 of the Vaults
 42708 | Vaults:1 | Reached skill level 10 in Summonings
 43319 | Vaults:1 | Reached XP level 23. HP: 215/215 MP: 37/37
 43351 | Vaults:1 | Identified the +8 arbalest of Ochues {heavy, Str-4 Int+2
                  | Dex+3 SInv}
 43538 | Vaults:2 | Reached skill level 16 in Necromancy
 43693 | Vaults:2 | Found Gosass's General Store.
 43709 | Vaults:2 | Bought a potion of haste for 110 gold pieces
 44153 | Vaults:2 | Noticed Jory
 44160 | Vaults:2 | Killed Jory
 44406 | Vaults:2 | Found a staircase to the Crypt.
 44895 | Vaults:2 | Reached skill level 17 in Necromancy
 46074 | Vaults:3 | Noticed a dread lich
 46080 | Vaults:3 | Killed a dread lich
 46474 | Vaults:3 | Reached skill level 18 in Necromancy
 46494 | Vaults:3 | Found Wunkayne's Assorted Antiques.
 46501 | Vaults:3 | Bought a potion of curing for 84 gold pieces
 46501 | Vaults:3 | Bought a scroll of teleportation for 84 gold pieces
 46501 | Vaults:3 | Bought a potion of invisibility for 224 gold pieces
 46893 | Vaults:4 | Noticed Frederick
 46899 | Vaults:4 | Killed Frederick
 47484 | Vaults:4 | Reached XP level 24. HP: 224/224 MP: 37/37
 48139 | Vaults:5 | Entered Level 5 of the Vaults
 48179 | Vaults:5 | Identified the +2 leather armour of Anaesthesia {rCorr}
 48192 | Vaults:5 | Reached skill level 15 in Summonings
 48211 | Vaults:5 | Reached skill level 19 in Necromancy
 48320 | Vaults:5 | Identified the +8 trident "Lucoav" {holy, *Corrode Will+
                  | Str+5}
 48595 | Vaults:5 | Got the Secrets of Sweltering Ice
 48814 | Vaults:5 | Identified the amulet of Hiobb {Faith -Tele Will+ Str+3}
 48836 | Vaults:5 | Reached skill level 15 in Fighting
 48890 | Vaults:5 | Noticed Mara
 49125 | Vaults:5 | Identified the ring of Iruk {Fly rC+ Int+3}
 49128 | Vaults:5 | Identified the +3 morningstar "Arbiter" {drain, *Rage Str+3
                  | Int+5 Dex+3}
 49138 | Vaults:5 | Identified the +0 mace "Posico" {venom, *Corrode rElec
                  | Int+6 Dex-3}
 49150 | Vaults:5 | Noticed Shard1697's illusion
 49159 | Vaults:5 | Killed Mara
 49160 | Vaults:5 | Reached skill level 20 in Necromancy
 49294 | Vaults:5 | Identified the staff of the Valley of Death {rN+ Str-5
                  | Int+2 Dex+2 Necro}
 49377 | Vaults:5 | Got a silver rune of Zot
 49556 | Vaults:5 | Got the Monograph on the Fifth Circle
 49975 | Vaults:5 | Noticed Saint Roka
 49998 | Vaults:5 | Killed Saint Roka
 50228 | Crypt:1  | Entered Level 1 of the Crypt
 50396 | Crypt:1  | Reached XP level 25. HP: 210/239 MP: 37/37
 51284 | Crypt:1  | Reached skill level 21 in Necromancy
 51907 | Crypt:2  | Noticed Khufu
 51914 | Crypt:2  | Noticed a royal mummy
 51915 | Crypt:2  | Noticed a royal mummy
 52053 | Crypt:1  | Killed Khufu
 52097 | Crypt:1  | Killed a royal mummy
 52339 | Crypt:1  | Killed a royal mummy
 52600 | Crypt:2  | Found a runed translucent gate.
 52600 | Crypt:2  | Found a runed translucent gate.
 52600 | Crypt:2  | Found an ancient bone altar of Kikubaaqudgha.
 52600 | Crypt:2  | Found a runed translucent gate.
 52600 | Crypt:2  | Noticed a dread lich
 52600 | Crypt:2  | Noticed Zogul's ghost (veteran MiGl)
 52600 | Crypt:2  | Noticed Gacleu's ghost (adept GrFi)
 52600 | Crypt:2  | Noticed a dread lich
 52600 | Crypt:2  | Noticed Zievuyg's ghost (adept MiFi)
 52797 | Crypt:2  | Noticed Sojobo
 52821 | Crypt:2  | Killed Sojobo
 53091 | Crypt:2  | Killed Zogul's ghost
 53094 | Crypt:2  | Killed a dread lich
 53099 | Crypt:2  | Killed a dread lich
 53106 | Crypt:2  | Killed Zievuyg's ghost
 53113 | Crypt:2  | Killed Gacleu's ghost
 53153 | Crypt:2  | Identified the +2 chain mail of Godoiw {rF+ Slay+3 SInv
                  | Stlth+}
 53154 | Crypt:2  | Identified the ring "Warau" {rElec rC++ MP+9 Dex-5}
 53245 | Crypt:3  | Entered Level 3 of the Crypt
 53311 | Crypt:3  | Learned a level 8 spell: Borgnjor's Revivification
 53354 | Crypt:3  | Reached skill level 22 in Necromancy
 53805 | Crypt:3  | Found a staircase to the Tomb.
 54176 | Crypt:3  | Found an ancient bone altar of Kikubaaqudgha.
 54347 | Crypt:3  | Noticed a dread lich
 54353 | Crypt:3  | Killed a dread lich
 55536 | Tomb:1   | Entered Level 1 of the Tomb of the Ancients
 56172 | Tomb:1   | Noticed a royal mummy
 56243 | Tomb:1   | Killed a royal mummy
 56408 | Tomb:1   | Reached XP level 26. HP: 150/266 MP: 31/37
 56549 | Tomb:1   | Noticed a royal mummy
 56592 | Tomb:1   | Killed a royal mummy
 56919 | Tomb:1   | Noticed a royal mummy
 56968 | Tomb:1   | Killed a royal mummy
 57073 | Tomb:1   | Noticed a royal mummy
 57082 | Tomb:1   | Killed a royal mummy
 57787 | Tomb:2   | Reached skill level 23 in Necromancy
 57922 | Tomb:3   | Entered Level 3 of the Tomb of the Ancients
 57938 | Tomb:3   | Noticed a royal mummy
 57942 | Tomb:3   | Found the +9 sword of Zonguldrok {reap}
 58124 | Tomb:2   | Noticed a royal mummy
 58124 | Tomb:2   | Noticed a royal mummy
 58124 | Tomb:2   | Noticed a royal mummy
 58124 | Tomb:2   | Noticed a royal mummy
 58235 | Tomb:2   | Killed a royal mummy
 58593 | Tomb:1   | Noticed a royal mummy
 58601 | Tomb:1   | Noticed a royal mummy
 59669 | Zot:4    | Identified the amulet "Okhlug" {Faith rPois}
 60230 | Zot:5    | Entered Level 5 of the Realm of Zot
 60711 | Zot:5    | Noticed a dread lich
 60711 | Zot:5    | Noticed an orb of fire
 60711 | Zot:5    | Noticed an ancient lich
 60711 | Zot:5    | Noticed an orb of fire
 60712 | Zot:5    | Gained mutation: You have hidden genetic defects. [an orb
                  | of fire]
 60718 | Zot:5    | Killed an ancient lich
 60719 | Zot:5    | Gained mutation: You are clumsy. (Dex -2) [an orb of fire]
 60722 | Zot:5    | Killed a dread lich
 60830 | Zot:5    | Noticed an ancient lich
 60838 | Zot:5    | Gained mutation: You do not regenerate when monsters are
                  | visible. [an orb of fire]
 60846 | Zot:5    | Killed an orb of fire
 60849 | Zot:5    | Killed an ancient lich
 60913 | Zot:5    | Reached skill level 24 in Necromancy
 60925 | Zot:5    | Killed an orb of fire
 60926 | Zot:5    | Reached XP level 27. HP: 117/171 MP: 18/37
 60934 | Zot:5    | Gained mutation: Your spells are a little easier to cast,
                  | but a little less powerful. [hidden defects]
 61172 | Zot:5    | Noticed an orb of fire
 61238 | Zot:5    | Gained mutation: You are highly strong-willed. (Will++) [an
                  | orb of fire]
 61245 | Zot:5    | Killed an orb of fire
 61458 | Zot:5    | Got the Orb of Zot
 61458 | Zot:5    | Noticed an orb of fire
 61498 | Zot:5    | Noticed an orb of fire
 61521 | Zot:5    | Killed an orb of fire
 61588 | Zot:3    | Lost mutation: You have a beak for a mouth. [potion of
                  | mutation]
 61588 | Zot:3    | Lost mutation: You are clumsy. (Dex -2) [potion of
                  | mutation]
 61588 | Zot:3    | Lost mutation: You have hidden genetic defects. [potion of
                  | mutation]
 61588 | Zot:3    | Lost mutation: You are highly strong-willed. (Will++)
                  | [potion of mutation]
 61588 | Zot:3    | Gained mutation: Your tail ends in a venomous barb. [potion
                  | of mutation]
 61588 | Zot:3    | Gained mutation: Your mind is acute. (Int +4, Str/Dex -1)
                  | [potion of mutation]
 61589 | Zot:3    | Lost mutation: Your tail ends in a venomous barb. [potion
                  | of mutation]
 61589 | Zot:3    | Lost mutation: Your mind is acute. (Int +4, Str/Dex -1)
                  | [potion of mutation]
 61589 | Zot:3    | Lost mutation: You are weak. (Str -2) [potion of mutation]
 61589 | Zot:3    | Gained mutation: You are clumsy. (Dex -2) [potion of
                  | mutation]
 61589 | Zot:3    | Gained mutation: You are highly strong-willed. (Will++)
                  | [potion of mutation]
 61589 | Zot:3    | Lost mutation: You are robust. (+10% HP) [potion of
                  | mutation]
 61589 | Zot:3    | Gained mutation: You expend magic power (3 MP) to
                  | strengthen your wands. [potion of mutation]
 61590 | Zot:3    | Lost mutation: You are highly strong-willed. (Will++)
                  | [potion of mutation]
 61590 | Zot:3    | Lost mutation: You expend magic power (3 MP) to strengthen
                  | your wands. [potion of mutation]
 61590 | Zot:3    | Gained mutation: You are somewhat resistant to further
                  | mutation. [potion of mutation]
 61591 | Zot:3    | Lost mutation: You are strong-willed. (Will+) [potion of
                  | mutation]
 61591 | Zot:3    | Lost mutation: You do not regenerate when monsters are
                  | visible. [potion of mutation]
 61591 | Zot:3    | Lost mutation: You are clumsy. (Dex -2) [potion of
                  | mutation]
 61591 | Zot:3    | Gained mutation: You possess an exceptional clarity of
                  | mind. [potion of mutation]
 61740 | Depths:1 | Paralysed by a floating eye for 4 turns
 61861 | D:13     | Noticed Ahustiwn the pandemonium lord
 61910 | D:10     | Noticed Vuymeyc the pandemonium lord
 62160 | D:$      | Escaped with the Orb!

Illustrated notes

Levels and vault maps discovered:
D:1:      reono_arrival_mine, layout_rooms, basic_ecumenical_altar
D:2:      layout_rooms, uniq_crazy_yiuf_cottage, uniq_sigmund
D:3:      layout_basic, uniq_natasha, uniq_robin
D:4:      cheibrodos_quashed, layout_rooms, kennysheep_okawaru_gauntlet,
          fedhas_ov_isle_minmay, uniq_menkaure, uniq_eustachio
D:5:      layout_loops_ring, amethyst_overflow_temple_binary, uniq_blork_the_orc
D:6:      layout_loops_cross, nicolae_tso_carved_into_rock, old_standard_altar,
          minmay_temple_entry_glassed_door, uniq_duvessa, uniq_edmund
D:7:      layout_basic
D:8:      minmay_bloctagon_deflated, layout_rooms, erik_lair_orcish_takeover,
          kennysheep_windowed_goal
D:9:      layout_gridville, nicolae_vehumet_altar_sigil,
          mainiacjoe_overflow_small_starburst, corexii_corridor_pit,
          uniq_maurice
D:10:     layout_cross, amcnicky_altar_gilded, serial_shops, shop,
          chequers_big_river, minmay_misc_feat_x, uniq_gastronok, uniq_nergalle
D:11:     layout_small_grid
D:12:     minmay_the_grid_triangle_9x9_line_8_mashed
          [minmay_the_grid_triangle_9x9_odd_lines,
          minmay_the_grid_triangle_9x9_impossible_snake,
          minmay_the_grid_triangle_9x9_checkered,
          minmay_the_grid_triangle_9x9_intruding_spiral,
          minmay_the_grid_triangle_9x9_stretched_checkered,
          minmay_the_grid_triangle_9x9_descending_squares,
          minmay_the_grid_triangle_9x9_wacky_v,
          minmay_the_grid_triangle_9x9_prize_insulated], layout_loops_cross,
          nicolae_lava_and_water
D:13:     minmay_twisted_water, layout_basic
D:14:     layout_rooms, david_vaults_5, minmay_misc_feat_room,
          nicolae_transmutations_shop
D:15:     gammafunk_enter_depths_forms, layout_stronghold, basic_altar,
          gauntlet_entry_generic, nicolae_trove_entry_path_of_doom
Lair:1:   gammafunk_worm_tunnel, layout_small_grid, st_stairs_6,
          fungi_pond_lemuel, serial_bayou_shore_b, lemuel_fruit_tree
Lair:2:   layout_small_grid, st_stairs_7, nicolae_lair_grove_arrangements
Lair:3:   layout_big_grid, minmay_swamp_entry_worms,
          hellmonk_spider_entry_life_and_decay, uniq_urug
Lair:4:   layout_cave_pods, grunt_megastairs_2, serial_bayou_shore_b,
          lemuel_fruit_fields
Lair:5:   hangedman_lair_tendril_chambers, layout_gridlike,
          hangedman_lair_caniforms_friends, minmay_slime_entry_pillars,
          chequers_serial_rivers_small_3, serial_bayou_shore_a,
          infiniplex_staircase_pool_2
Swamp:1:  layout_basic_swamp, hangedman_swamp_ruin_wall, swamp_pool4,
          nicolae_swamp_bunyip_nook, infiniplex_staircase_pool
Swamp:2:  layout_basic_swamp, nicolae_swamp_tree_isthmus, uniq_aizul
Swamp:3:  layout_falls_marsh, evilmike_swamp_ruin_house_5, swamp_pool2
Swamp:4:  swamp_alternative, layout_basic_swamp,
          portal_ice_cave_entry_ice_simulacra, ebering_ghost_rock_garden
Spider:1: layout_spider_delve, uniq_jorgrun
Spider:2: layout_spider_delve, nicolae_spider_solar_radiation, uniq_donald,
          uniq_louise, uniq_agnes
Spider:3: layout_chambers, nicolae_spider_jagged_tunnels, uniq_arachne
Spider:4: spider_rune_water, uniq_nikola, uniq_asterion, uniq_kirke
Orc:1:    layout_caves, nicolae_volcano_entry_two_sided, uniq_harold
Orc:2:    st_orc_elflike, layout_caves, serial_shops, bzr_entry_water,
          chequers_guarded_unrand_ignorance
Elf:1:    eino_elf_arrival_the_gate, layout_onion_city, serial_shops, shop,
          evilmike_minifort, nrook_uturn
Elf:2:    nicolae_elf_blades_splatter_lattice
          [nicolae_blade_entry_sentries_behind_glass], layout_geoelf_octagon
Elf:3:    minmay_elf_hall_hex, layout_loops_ring, amcnicky_mini_pool_small,
          grunt_ministairs_10
Vaults:1: vaults_standard_mumra_x, nicolae_vaults_tetromino_Z_1,
          hangedman_vaults_cutoff, nicolae_vaults_diamond_1, v_misc_12,
          hangedman_vaults_variations, hangedman_vaults_stagger,
          nicolae_vaults_doubleplus_tesselated,
          nicolae_vaults_trapezoid_lopsided_4, ontoclasm_vaults_decontamination,
          nicolae_vaults_tetromino_Z_1, nicolae_vaults_apartment_2,
          vaults_room_stairs_pillars, vaults_room_hangedman_quadrants,
          nicolae_vaults_trapezoid_lopsided_1, v_misc_25,
          ontoclasm_vaults_ring_small, layout_vaults_ring
Vaults:2: minmay_crypt_entry_simple_round, nicolae_vaults_loss_of_containment,
          hangedman_vaults_snaps, nicolae_vaults_circle_grid_a,
          hangedman_vaults_unwind, v_rooms_3, v_misc_8, nicolae_vaults_two_Ls,
          hangedman_vaults_stretched_pinwheel, nicolae_vaults_network_periphery,
          vaults_room_door_ring, v_misc_30, v_misc_3,
          nicolae_vaults_variable_pillar_hall, layout_vaults_big_cross,
          serial_shops, nicolae_shop_temple_entry_statues_fountains, uniq_jory
Vaults:3: nicolae_vaults_asterisk, nicolae_vaults_closet_pinwheel_5,
          nicolae_vaults_triangles, vaults_mumra_minichess_inversion,
          nicolae_vaults_stepped_doors, ontoclasm_vaults_bender,
          ontoclasm_vaults_chip, v_pattern_5, vaults_dpeg_encased_lava,
          layout_vaults_omnigrid, serial_shops, nicolae_shop_advertising_works
          [nicolae_subvault_shop_adworks]
Vaults:4: nicolae_vaults_circle_grid_b, nicolae_vaults_apartment_2,
          nicolae_vaults_storage_closets_1, nicolae_vaults_storage_room_glass,
          nicolae_vaults_branching_niches, v_misc_24, ontoclasm_vaults_ligature,
          ontoclasm_vaults_hangar, nicolae_vaults_angled_halls,
          ontoclasm_vaults_loading_screen, layout_vaults_omnibox, uniq_frederick
Vaults:5: uniq_mara, uniq_saint_roka
Crypt:1:  layout_gridlike
Crypt:2:  layout_chaotic_city, gammafunk_ghost_crypt, hangedman_batty,
          uniq_sojobo, uniq_khufu
Crypt:3:  evilmike_haunted_forest
Tomb:1
Tomb:2
Tomb:3
Depths:1: layout_cave_shapes, pf_hell_entry_tar_spiral,
          hangedman_decor_riveting, kennysheep_generic_room_7
Depths:2: dreamdust_isle_of_ice, layout_gridlike, enter_ziggurat_b,
          abyss_entry_small_statue_room, serial_shops, bzr_entry_dummy,
          rand_demon_pan_entry_5, hell_entry, serial_aquarium,
          aquarium_bridge_long_separate [aquarium_subvault_bridge,
          aquarium_subvault_wall, aquarium_subvault_bridge,
          aquarium_subvault_bridge, aquarium_subvault_bridge,
          aquarium_subvault_wall], aquarium_bridge_island_small
          [aquarium_subvault_small_open, aquarium_subvault_bridge,
          aquarium_subvault_wall, aquarium_subvault_bridge,
          aquarium_subvault_wall], aquarium_window_fake,
          aquarium_window_corridor_1, aquarium_window_corner, aquarium_window_1,
          aquarium_view_4, aquarium_balcony_double_1, aquarium_pool_2,
          chequers_serial_rivers_micro_c, makhleb_altar_promises_db,
          firewood_loft, infiniplex_staircase_zigzag_3
Depths:3: minmay_swirls_squares, layout_long_grid, hell_entry,
          abyss_entry_crystal, minmay_st_funbox
Depths:4: evilmike_zot_entry_basic, layout_cave_shapes,
          infiniplex_enter_wizlab_glasses, hell_entry, grunt_megastairs_1,
          minmay_shoptagon
Zot:1:    layout_twisted_circle, nzn_ghost_randoct, st_single_dragon_hoard_1,
          zot_minivault_6, uniq_tiamat, uniq_parghit
Zot:2:    layout_twisted_circle, uniq_grunn
Zot:3:    layout_basic, lemuel_golem_globe, lemuel_elevator
Zot:4:    layout_basic, hangedman_hellfire_club
Zot:5:    layout_gridlike

Skill      XL: |  1  2  3  4  5  6  7  8  9 10 11 12 13 14 15 16 17 18 19 20 21 22 23 24 25 26 27 |
---------------+----------------------------------------------------------------------------------+-----
Spellcasting   | 2 3 4 5 6 7 8 9 10 | 10.2
Fighting       | 4 5 6 7 8 9 10 11 12 13 14 16 20 22 | 22.7
Maces & Flails | 4 7 9 10 12 14 15 16 17 18 | 18.0
Fire Magic     | 4 3 |  3.7
Necromancy     | 4 5 6 8 10 13 14 15 18 20 22 24 | 24.3
Ice Magic      | 4 6 7 10 12 14 15 16 | 16.5
Conjurations   | 3 6 8 |  8.9
Air Magic      | 3 6 8 |  8.7
Dodging        | 1 4 8 9 10 11 12 13 | 13.9
Shields        | 5 9 11 12 14 15 16 18 19 | 19.0
Stealth        | 5 7 |  7.3
Summonings     | 8 10 14 15 | 15.7
Translocations | 1 |  1.8

Action                     |  1- 3 |  4- 6 |  7- 9 | 10-12 | 13-15 | 16-18 | 19-21 | 22-24 | 25-27 || total
---------------------------+-------+-------+-------+-------+-------+-------+-------+-------+-------++-------
  Melee: Mace              |    84 |    47 |       |       |       |       |       |       |       ||   131
         Tailslap          |    10 |    13 |    15 |    52 |   178 |   262 |   334 |   436 |   474 ||  1774
         Punch             |     1 |     1 |       |       |       |       |       |       |       ||     2
         Quarterstaff      |       |    79 |    70 |       |       |       |       |       |       ||   149
         Dire flail        |       |       |    81 |   397 |    21 |       |       |       |       ||   499
         Morningstar       |       |       |       |       |   805 |  1229 |  1441 |  1408 |  1563 ||  6446
         Peck              |       |       |       |       |       |       |   407 |   593 |   624 ||  1624
   Cast: Scorch            |     8 |    31 |    16 |       |       |       |       |       |       ||    55
         Vampiric Draining |       |       |     7 |    10 |     6 |       |       |     4 |     1 ||    28
         Freeze            |       |       |     4 |       |       |       |       |       |       ||     4
         Frozen Ramparts   |       |       |     7 |    22 |     1 |       |       |       |       ||    30
         Ozocubu's Armour  |       |       |       |    12 |     7 |     7 |     3 |       |     1 ||    30
         Freezing Cloud    |       |       |       |     7 |    28 |    22 |    37 |    18 |     3 ||   115
         Animate Dead      |       |       |       |       |    11 |    26 |    22 |    12 |    11 ||    82
         Dispel Undead     |       |       |       |       |     3 |    28 |    22 |    23 |   187 ||   263
         Sublimation of Bl |       |       |       |       |       |     7 |       |     9 |    10 ||    26
         Simulacrum        |       |       |       |       |       |    31 |    17 |    61 |    28 ||   137
         Agony             |       |       |       |       |       |       |     1 |     1 |       ||     2
         Blink             |       |       |       |       |       |       |       |     1 |       ||     1
         Haunt             |       |       |       |       |       |       |       |     2 |    14 ||    16
         Borgnjor's Revivi |       |       |       |       |       |       |       |       |     5 ||     5
 Invoke: Fiery Armour      |       |       |       |       |       |       |     1 |       |       ||     1
         Rising Flame      |       |       |       |       |       |       |       |     1 |       ||     1
Ability: Breathe Frost     |       |       |     7 |     8 |     1 |       |     2 |     1 |     1 ||    20
  Evoke: Wand              |       |       |       |     2 |     3 |       |       |     2 |     1 ||     8
    Use: Scroll            |       |     7 |    12 |     9 |     9 |    13 |     7 |    10 |    20 ||    87
         Potion            |       |       |     1 |       |       |    24 |    16 |     9 |    34 ||    84
   Stab: Paralysed         |       |       |     1 |       |       |       |     6 |       |       ||     7
         Sleeping          |       |       |       |     2 |       |       |     1 |     4 |     2 ||     9
         Distracted        |       |       |       |       |     4 |    19 |    15 |    21 |     9 ||    68
         Fleeing           |       |       |       |       |     1 |       |       |       |       ||     1
         Invisible         |       |       |       |       |       |     1 |     7 |    22 |    21 ||    51
 Armour: Skin              |    70 |    69 |   104 |   297 |   548 |   523 |   409 |   281 |   510 ||  2811
  Dodge: Dodged            |    73 |    75 |    77 |   288 |   532 |   666 |   490 |   644 |  1109 ||  3954
  Block: Buckler           |       |       |       |       |   127 |       |       |       |       ||   127
         Kite shield       |       |       |       |       |   124 |   802 |   598 |  1221 |  1265 ||  4010
         Tower shield      |       |       |       |       |       |   355 |   861 |       |   782 ||  1998
         Reflection        |       |       |       |       |       |    19 |    40 |    40 |     8 ||   107

Table legend: (Time is in decaauts)
 A = Elapsed time spent in this place.
 B = Non-inter-level travel time spent in this place.
 C = Inter-level travel time spent in this place.
 D = Time resting spent in this place.
 E = Time spent auto-exploring this place.
 F = Levels seen in this place.
 G = Mean time per level.
                   A        B        C        D        E       F      G
               +--------+--------+--------+--------+--------+-----+--------+
         Total |  61644 |  57621 |   4023 |   6763 |  32187 |  61 | 1010.6 |
       Dungeon |  15223 |  13622 |   1601 |    837 |   9405 |  15 | 1014.9 |
          Lair |   5782 |   5407 |    375 |    276 |   3776 |   5 | 1156.4 |
         Swamp |   3402 |   3249 |    153 |    268 |   2190 |   4 |  850.5 |
   Spider Nest |   4205 |   4005 |    200 |    657 |   2035 |   4 | 1051.2 |
  Orcish Mines |   1796 |   1562 |    234 |     73 |    707 |   2 |  898.0 |
   Elven Halls |   4029 |   3815 |    214 |    285 |   2084 |   3 | 1343.0 |
        Vaults |   7521 |   7227 |    294 |    165 |   4536 |   5 | 1504.2 |
         Crypt |   5251 |   5021 |    230 |    933 |   2764 |   3 | 1750.3 |
          Tomb |   3286 |   3184 |    102 |   1324 |    853 |   3 | 1095.3 |
        Depths |   5880 |   5388 |    492 |    639 |   2841 |   4 | 1470.0 |
           Zot |   2337 |   2213 |    124 |    887 |    180 |   5 |  467.4 |
         Abyss |    871 |    871 |      0 |     58 |     90 |   2 |  435.5 |
        Bazaar |    122 |    122 |      0 |      0 |     91 |   2 |   61.0 |
      Ice Cave |    635 |    635 |      0 |    153 |    199 |   1 |  635.0 |
       Volcano |    179 |    179 |      0 |      0 |     37 |   1 |  179.0 |
        Wizlab |    668 |    668 |      0 |    125 |    221 |   1 |  668.0 |
      Gauntlet |    449 |    449 |      0 |     79 |    175 |   1 |  449.0 |
               +--------+--------+--------+--------+--------+-----+--------+

Top non-repeatable levels by time:
 Crypt:3: 2269 daAuts
  Tomb:1: 2109 daAuts
Vaults:5: 1950 daAuts
 Crypt:1: 1777 daAuts
Depths:3: 1701 daAuts
Depths:4: 1684 daAuts
Vaults:3: 1637 daAuts
   Elf:3: 1603 daAuts
Spider:3: 1574 daAuts
Vaults:2: 1568 daAuts
    D:15: 1472 daAuts
   Orc:2: 1471 daAuts
Depths:2: 1430 daAuts
Vaults:4: 1329 daAuts
     D:3: 1320 daAuts
